 Dungeon Crawl Stone Soup version 0.29-a0-214-g17f627cfee (webtiles) character file.

Game seed: 5246147168173655561

25 spaghetti the Ruffian (level 2, -1/24 HPs)
             Began as a Demonspawn Fighter on Feb 24, 2022.
             Slain by a gnoll
             ... wielding a +0 spear
              (5 damage)
             ... on level 4 of the Dungeon.
             The game lasted 00:01:08 (1056 turns).

spaghetti the Ruffian (Demonspawn Fighter)          Turns: 1056, Time: 00:01:08

Health: -1/24      AC:  6    Str: 16    XL:     2   Next: 86%
Magic:  1/1        EV:  8    Int:  9    God:
Gold:   105        SH:  4    Dex: 14    Spells: 1/1 levels left

rFire   . . .      SeeInvis .     - Unarmed
rCold   . . .      Faith    .   b - +0 buckler
rNeg    . . .      Spirit   .   a - +0 scale mail
rPois   .          Reflect  .   (no helmet)
rElec   .          Harm     .   (no cloak)
rCorr   .          Rampage  .   (no gloves)
Will    .....                   (no boots)
Stlth   ..........              (no amulet)
HPRegen 0.08/turn               (no ring)
MPRegen 0.07/turn               (no ring)

@: flying
A: powered by death 1, agile 1, low MP 1, evolution 1
a: no special abilities


You were on level 4 of the Dungeon.
You visited 1 branch of the dungeon, and saw 4 of its levels.

You collected 105 gold pieces.


Innate Abilities, Weirdness & Mutations

You regenerate a little health from kills.
You are agile. (Dex +2)
Your magical capacity is low. (-10% MP)
You have hidden genetic potential.


   Skills:
 - Level 3.0 Fighting
 - Level 2.6 Armour
 - Level 2.6 Shields
 + Level 3.1 Unarmed Combat


You had one spell level left.
You didn't know any spells.
Your spell library was empty.

Inventory:

Hand Weapons
 g - a +0 club {mace}
   (You took it off a goblin on level 1 of the Dungeon)
 i - a +0 mace {mace}
   (You found it on level 3 of the Dungeon)
 j - a +0 dagger {short}
   (You found it on level 3 of the Dungeon)
 m - a +0 dagger {short}
   (You took it off a kobold on level 3 of the Dungeon)
Missiles
 k - 45 stones (quivered) {throwing}
Armour
 a - a +0 scale mail (worn)
 b - a +0 buckler (worn)
Scrolls
 c - a scroll of identify {unknown}
 e - a scroll of silence {unknown}
 h - a scroll of teleportation {unknown}
 n - a scroll of blinking {unknown}
Potions
 f - a potion of curing {@q1}

Dungeon Overview and Level Annotations

Branches:
Dungeon (4/15)
 Temple: D:4-7

Altars:

..)......###.###+#+###
.......###...........#
.......# #...........#
.......# #...........#
.......##........#+#####
.......#...###.#$.....).
.......#... #..........
##.....#... ##.........
#... #.@g...... +.
#..g...... #.g.......
##.#+##### ..! #+#


You could see 3 gnolls.


Message History

You punch the worm!
You kill the worm!
The dart slug bites you.
* * * LOW HITPOINT WARNING * * *
😱 HP[-1]
You take 1 damage, and now have 6/24 hp.
You punch the dart slug!
You kill the dart slug!
Your Unarmed Combat skill increases to level 3! 😨 HP[+1]
c - a scroll labelled LONUCE HIDO You see here a dart slug corpse. 😨 HP[+2]
You regained 2 hp, and now have 9/24 hp.
You start resting.
You feel a little less mighty now. 😎 HP[+15]
Your hp is fully restored (24).
(D) Dungeon
Where to? (Enter - D:4, ? - help)
There is a stone staircase leading down here.
You climb downwards.
There is a stone staircase leading up here.
Unknown command.
You open the door.
There is an open door here.
A goblin comes into view. It is wielding a +0 club.
The goblin shouts!
A goblin is nearby!
A goblin is nearby!
A dart slug comes into view.
You hit the goblin.
You kill the goblin!
The dart slug launches a dart at you. The slug dart misses you.
You see here a +0 club {mace}.
The dart slug closely misses you.
You hit the dart slug.
The dart slug bites you but does no damage.
You hit the dart slug. You hit the dart slug.
The dart slug launches a dart at you. The slug dart misses you.
You hit the dart slug. The dart slug bites you.
You hit the dart slug.
You kill the dart slug!
No target in view!
No target in view!
No target in view!
k - 45 stones {throwing} (gained 22)
n - a scroll labelled XOFUAKESUST No target in view!
You now have 100 gold pieces (gained 11).
You now have 105 gold pieces (gained 5).
A gnoll comes into view. It is wielding a +0 club.
The gnoll shouts!
A gnoll comes into view. It is wielding a +0 club.
You see here 14 gold pieces.
There are monsters nearby!
There are monsters nearby!
The gnoll shouts!
You hear a shout!
A gnoll comes into view. It is wielding a +0 spear.
The gnoll hits you with a +0 club. 😕 HP[-4]
You take 4 damage, and now have 20/24 hp.
You hit the gnoll but do no damage. The gnoll hits you with a +0 club.
The gnoll barely misses you. 😮 HP[-5]
You take 5 damage, and now have 15/24 hp.
MASSIVE DAMAGE!! (PAUSE)
You closely miss the gnoll. The gnoll hits you with a +0 club.
The gnoll barely misses you. You block the gnoll's attack. 😮 HP[-2]
You take 2 damage, and now have 13/24 hp.
It was a potion of flight.
You feel very buoyant.
You fly up into the air.
The gnoll hits you with a +0 club.
* * * LOW HITPOINT WARNING * * *
The gnoll hits you with a +0 club.
* * * LOW HITPOINT WARNING * * *
The gnoll hits you but does no damage. 😨 HP[-6]
You take 6 damage, and now have 7/24 hp.
MASSIVE DAMAGE!! (PAUSE) It was a potion of curing.
You feel better. You block the gnoll's attack. The gnoll barely misses you.
The gnoll hits you but does no damage. 😨 HP[+5]
You regained 5 hp, and now have 12/24 hp.
Unknown command.
It was a potion of mutation.
You feel extremely strange.
You feel agile.
You feel a hidden potential growing inside you.
You feel less energetic. The gnoll closely misses you.
The gnoll barely misses you. You block the gnoll's attack. 😨 MP[-1]
You hit the gnoll. The gnoll hits you with a +0 club!
* * * LOW HITPOINT WARNING * * *
The gnoll hits you from afar with a +0 spear.
You die...

Skill      XL: |  1  2 |
---------------+-------+-----
Unarmed Combat | 2 3 |  3.1
Fighting       | |  3.0
Armour         | |  2.6
Shields        | |  2.6

Action                   || total
-------------------------++-------
Melee: Unarmed           ||    76
  Use: Potion            ||     4
Armor: Scale mail        ||    22
Dodge: Dodged            ||    24
Block: Buckler           ||    11

Levels and vault maps discovered:
D:1:      mrwooster_arrival_statue_3, layout_loops_ring
D:2:      layout_loops_corners, shapermc_ecumenical_altar_totnotflames
D:3:      layout_loops_ring, elyvilon_altar_3, uniq_robin
D:4:      layout_basic

Notes
Turn   | Place    | Note
-------+----------+-------------------------------------------
     0 | D:1      | spaghetti the Demonspawn Fighter began the quest for the
                  | Orb.
     0 | D:1      | Reached XP level 1. HP: 18/18 MP: 1/1
     0 | D:1      | magus.rc [v1.9.6]
    46 | D:1      | Reached skill level 2 in Unarmed Combat
   371 | D:3      | Gained mutation: You regenerate a little health from kills.
                  | [demonic ancestry]
   371 | D:3      | Reached XP level 2. HP: 8/24 MP: 2/2
   786 | D:3      | HP: 6/24 [dart slug (2)]
   788 | D:3      | Reached skill level 3 in Unarmed Combat
  1055 | D:4      | Gained mutation: You are agile. (Dex +2) [potion of
                  | mutation]
  1055 | D:4      | Gained mutation: You have hidden genetic potential. [potion
                  | of mutation]
  1055 | D:4      | Gained mutation: Your magical capacity is low. (-10% MP)
                  | [potion of mutation]
  1056 | D:4      | HP: 4/24 [gnoll/+0 club (8)]
  1056 | D:4      | Slain by a gnoll

Vanquished Creatures
  2 worms (D:3)
  2 dart slugs
  2 ball pythons (D:1)
  2 endoplasms
  A giant cockroach (D:3)
  2 goblins
  A kobold (D:3)
  A quokka (D:1)
  A frilled lizard (D:3)
14 creatures vanquished.

Table legend:
 A = Non-vault XP
 B = Vault XP
 C = Vault XP percentage of total XP
 D = Non-vault monster count
 E = Vault monster count
 F = Vault count percentage of total count
                 A         B        C        D         E       F
            +---------+---------+-------+---------+---------+-------
      Total |      37 |       0 |   0.0 |      14 |       0 |   0.0
            +---------+---------+-------+---------+---------+-------
        D:1 |       8 |       0 |   0.0 |       4 |       0 |   0.0
        D:2 |       2 |       0 |   0.0 |       1 |       0 |   0.0
        D:3 |      21 |       0 |   0.0 |       7 |       0 |   0.0
        D:4 |       6 |       0 |   0.0 |       2 |       0 |   0.0
            +---------+---------+-------+---------+---------+-------

Illustrated notes

Table legend:
 A = Kills in this place as a percentage of kills in entire the game.
 B = Kills by you in this place as a percentage of kills by you in the entire game.
 C = Kills by friends in this place as a percentage of kills by friends in the entire game.
 D = Other kills in this place as a percentage of other kills in the entire game.
 E = Experience gained in this place as a percentage of experience gained in the entire game.
 F = Experience gained in this place divided by the number of levels of this place that you have seen.
                   A       B       C       D       E      F
               +-------+-------+-------+-------+-------+----------------------
         Total | 100.0 | 100.0 |   N/A |   N/A | 100.0 |   9.2
       Dungeon | 100.0 | 100.0 |   N/A |   N/A | 100.0 |   9.2
               +-------+-------+-------+-------+-------+----------------------

Table legend: (Time is in decaauts)
 A = Elapsed time spent in this place.
 B = Non-inter-level travel time spent in this place.
 C = Inter-level travel time spent in this place.
 D = Time resting spent in this place.
 E = Time spent auto-exploring this place.
 F = Levels seen in this place.
 G = Mean time per level.
                   A        B        C        D        E       F      G
               +--------+--------+--------+--------+--------+-----+--------+
         Total |   1054 |   1029 |     25 |    541 |    347 |   4 |  263.5 |
       Dungeon |   1054 |   1029 |     25 |    541 |    347 |   4 |  263.5 |
               +--------+--------+--------+--------+--------+-----+--------+

Top non-repeatable levels by time:
     D:3: 608 daAuts
     D:1: 315 daAuts
     D:4: 79 daAuts
     D:2: 51 daAuts
